 Dungeon Crawl Stone Soup version 0.19.4-8-ga85b6b9 (console) character file.

4385 Grinner the Grappler (level 10, -9/83 HPs)
             Began as a Troll Transmuter on Feb 13, 2017.
             Killed from afar by an orc priest (17 damage)
             ... with an exploding inner flame
             ... hexed by the player character
             ... on level 9 of the Dungeon.
             The game lasted 00:22:54 (5771 turns).

Grinner the Grappler (Troll Transmuter)             Turns: 5771, Time: 00:22:54

Health: -9/83      AC:  7    Str: 20    XL:     10   Next: 13%
Magic:  19/19      EV: 10    Int: 12    God:
Gold:   1106       SH:  0    Dex: 10    Spells: 3 memorised, 2 levels left

rFire  . . .     SeeInvis .       - Unarmed
rCold  . . .     Gourm    +     w - +2 robe {Archmagi}
rNeg   . . .     Faith    .     (no shield)
rPois  .         Spirit   .     (helmet restricted)
rElec  .         Reflect  .     (no cloak)
rCorr  .         Harm     .     (gloves unavailable)
MR     .....                    (boots unavailable)
Stlth  +.........               (no amulet)
                                o - ring of wizardry
                                y - ring of magical power

@: no status effects
A: unfitting armour, claws 3, fast metabolism 3, gourmand, regeneration 1,
shaggy fur 1, tough skin 2
a: no special abilities


You were on level 9 of the Dungeon.
You were very full.

You visited 2 branches of the dungeon, and saw 10 of its levels.
You also visited: Bailey.

You collected 1106 gold pieces.

Inventory:

Missiles
 f - 5 throwing nets (quivered)
Armour
 w - a +2 robe of the Archmagi (worn)
Jewellery
 e - the amulet "Dahonye" {Gourm rF+, unknown}
   (You took it off a gnoll sergeant in a bailey)

   [amulet of the gourmand]

   It allows you to eat raw meat even when not hungry.
   It protects you from fire.
 j - a +1 ring of evasion
 o - a ring of wizardry (right claw)
 y - a ring of magical power (left claw)
 D - an uncursed ring of ice
Wands
 u - a wand of lightning (0/15)
Scrolls
 i - 2 scrolls of remove curse
 k - 2 scrolls of magic mapping
 m - a scroll of blinking {unknown}
 n - a scroll of enchant armour
 B - a scroll of teleportation
Potions
 b - a potion of magic
 h - 4 potions of curing
 p - a potion of ambrosia
 r - a potion of cancellation
 v - a potion of brilliance
Books
 c - a book of Changes

   Spells                             Type                      Level
   a - Beastly Appendage              Transmutation                1
   b - Sticks to Snakes               Transmutation                2
   c - Spider Form                    Transmutation/Poison         3
   d - Ice Form                       Ice/Transmutation            4
   e - Blade Hands                    Transmutation                5
 g - a book of Conjurations

   Spells                             Type                      Level
   a - Magic Dart                     Conjuration                  1
   b - Searing Ray                    Conjuration                  2
   c - Dazzling Spray                 Conjuration/Hexes            3
   d - Fulminant Prism                Conjuration/Hexes            4
   e - Iskenderun's Mystic Blast      Conjuration                  4
   f - Iskenderun's Battlesphere      Conjuration/Charms           5
Comestibles
 d - 4 bread rations
 q - 3 meat rations
 C - a beef jerky


   Skills:
 - Level 0.7 Fighting
 - Level 1.5 Dodging
 * Level 12.2 Unarmed Combat
 - Level 1.2 Spellcasting
 + Level 6.7 Transmutations


You had 2 spell levels left.
You knew the following spells:

 Your Spells              Type           Power        Failure   Level  Hunger
s - Spider Form           Tmut/Pois      ##........   10%         3    ####...
x - Blade Hands           Tmut           ####......   26%         5    ######.
z - Beastly Appendage     Tmut           ####..       1%          1    ##.....


Dungeon Overview and Level Annotations

Branches:
Dungeon (9/15)             Temple (1/1) D:6
   Lair: D:8-11         Orc: D:9-12

Altars:
Ashenzari
Cheibriados
Dithmenos
Fedhas
Gozag
Hepliaklqana
Kikubaaqudgha
Makhleb
Okawaru
Qazlal
Ru
Sif Muna
Trog
Uskayaw
Vehumet
Xom
Yredelemnul
Zin
The Shining One

Shops:
D:7 %*([}

Annotations:
D:8 antares's ghost, novice MfGl


Innate Abilities, Weirdness & Mutations

You are too large for most types of armour.
You have claws for hands.
Your metabolism is lightning-fast.
You like to eat raw meat.
Your natural rate of healing is unusually fast.
You are covered in fur. (AC +1)
You have very tough skin. (AC +2)


Message History

The orc warrior hits you with a war axe!
The orc hits you with a flail.
The orc struggles against the net.
The net rips apart, and the orc comes free!
The orc wizard gestures wildly while chanting.
The orc wizard blinks!
The orc priest barely misses you.
You mangle the orc warrior!!
The orc warrior is almost dead.
The orc warrior closely misses you. The orc closely misses you.
You mangle the orc warrior!!
The orc warrior explodes!
The fiery explosion engulfs the orc priest.
The orc priest explodes!
The fiery explosion engulfs the orc.
The orc explodes!
The fiery explosion engulfs you!
* * * LOW HITPOINT WARNING * * *
The fiery explosion engulfs the orc.
The orc explodes!
The fiery explosion engulfs you!
You die...

###############
...............
.......§§§.....
.......@§§§o.%.
......§§§§§.o..
.......§§§§....
...%......o....
...............
...###..###o...
... #..# ...o
.. #..# ...


You could see an orc wizard (inner flame) and 4 orcs.

Vanquished Creatures
  The ghost of demenzo the Destroyer, a novice DgFE (Bailey)
  A centaur skeleton (D:7)
  Grinder (D:4)
  A hippogriff (D:5)
  The ghost of odb the Poker, an amateur FoFi of Kikubaaqudgha (D:3)
  A hungry ghost (D:7)
  Menkaure (D:5)
  Duvessa (D:4)
  An ice beast (D:7)
  6 big kobolds (D:3)
  A bullfrog (D:6)
  8 gnoll sergeants (Bailey)
  Dowan (D:4)
  A scorpion (D:4)
  3 howler monkeys
  2 crimson imps
  2 bullfrog zombies (D:7)
  3 hounds
  A centaur zombie (D:8)
  An orc priest (D:5)
  2 bullfrog skeletons (D:5)
  7 gnoll shamans
  A jelly (D:5)
  3 orc wizards
  3 iguanas
  6 worker ants
  Terence (D:2)
  A killer bee zombie (D:5)
  23 gnolls
  8 adders
  A shadow imp (D:5)
  An ooze (D:4)
  7 worms
  A dart slug (D:2)
  A leopard gecko (D:1)
  9 orcs
  9 bats
  2 giant cockroaches
  6 goblins
  11 hobgoblins
  47 kobolds
  A quokka (D:4)
  A ball python (D:1)
  3 frilled lizards
  A leopard gecko zombie (D:4)
  A quokka zombie (D:7)
  6 rats
201 creatures vanquished.

Notes
Turn   | Place    | Note
-------+----------+-------------------------------------------
     0 | D:1      | Grinner the Troll Transmuter began the quest for the Orb.
     0 | D:1      | Reached XP level 1. HP: 18/18 MP: 1/1
   134 | D:1      | Reached XP level 2. HP: 24/26 MP: 2/2
   631 | D:2      | Reached XP level 3. HP: 32/32 MP: 3/3
   730 | D:2      | Noticed Terence
   744 | D:2      | Killed Terence
   744 | D:2      | Reached skill level 4 in Unarmed Combat
   750 | D:2      | Reached XP level 4. HP: 40/40 MP: 2/4
   999 | D:2      | Found a deep blue altar of Sif Muna.
  1379 | D:3      | Found a hazy altar of Hepliaklqana.
  1413 | D:3      | Noticed odb's ghost (amateur FoFi)
  1420 | D:3      | Killed odb's ghost
  1420 | D:3      | Reached skill level 5 in Unarmed Combat
  1420 | D:3      | Reached XP level 5. HP: 45/46 MP: 3/5
  1656 | D:3      | Learned a level 3 spell: Spider Form
  1685 | D:3      | Reached skill level 6 in Unarmed Combat
  1685 | D:3      | Reached XP level 6. HP: 44/54 MP: 3/6
  1816 | D:3      | Reached XP level 7. HP: 58/61 MP: 3/7
  1877 | D:3      | Reached skill level 7 in Unarmed Combat
  2393 | D:4      | Noticed Grinder
  2399 | D:4      | Killed Grinder
  2420 | D:4      | Reached skill level 8 in Unarmed Combat
  2476 | D:4      | Reached XP level 8. HP: 62/68 MP: 8/8
  2619 | D:4      | Noticed Dowan
  2620 | D:4      | Noticed Duvessa
  2628 | D:4      | Killed Duvessa
  2635 | D:4      | Killed Dowan
  2662 | D:4      | Learned a level 5 spell: Blade Hands
  3062 | D:5      | Entered Level 5 of the Dungeon
  3143 | D:5      | Reached skill level 9 in Unarmed Combat
  3277 | D:5      | Noticed a hippogriff
  3286 | D:5      | Killed a hippogriff
  3286 | D:5      | Reached skill level 5 in Transmutations
  3654 | D:5      | Found a faded altar of an unknown god.
  3654 | D:5      | Found a stormy altar of Qazlal.
  3654 | D:5      | Noticed Menkaure
  3662 | D:5      | Killed Menkaure
  3662 | D:5      | Reached skill level 10 in Unarmed Combat
  3667 | D:5      | Found a radiant altar of Vehumet.
  3669 | D:5      | Found an iron altar of Okawaru.
  3670 | D:5      | Found a faded altar of an unknown god.
  3753 | D:6      | Reached XP level 9. HP: 69/75 MP: 9/9
  3876 | D:6      | Found a staircase to the Ecumenical Temple.
  3888 | Temple   | Entered the Ecumenical Temple
  4539 | D:7      | Found Qaredeyxaeq's Antique Armour Shoppe.
  4575 | D:7      | Found Qesicysask's Gadget Emporium.
  4598 | D:7      | Found Beochyum's Antique Weapon Emporium.
  4600 | D:7      | Found Pygergh's Assorted Antiques.
  4830 | D:7      | Reached skill level 11 in Unarmed Combat
  4831 | D:7      | Found Zojoawo's Food Boutique.
  4935 | D:8      | Found a flagged portal.
  4942 | Bailey   | Entered a bailey
  4942 | Bailey   | Noticed demenzo's ghost (novice DgFE)
  4957 | Bailey   | Killed demenzo's ghost
  5208 | Bailey   | Gained mutation: Your spells are a little harder to cast, but a little more powerful. [potion of beneficial mutation]
  5351 | Bailey   | Reached XP level 10. HP: 81/83 MP: 10/10
  5359 | Bailey   | Lost mutation: Your spells are a little harder to cast, but a little more powerful. [potion of cure mutation]
  5372 | Bailey   | Reached skill level 12 in Unarmed Combat
  5543 | Bailey   | Got a coiled steel amulet
  5711 | D:8      | Noticed antares's ghost (novice MfGl)
  5771 | D:9      | Killed from afar by an orc priest

Skill      XL: |  1  2  3  4  5  6  7  8  9 10 |
---------------+-------------------------------+-----
Transmutations | 2 3 4 5 6 |  6.7
Unarmed Combat | 4 5 6 8 10 11 12 | 12.2
Fighting       | |  0.7
Dodging        | |  1.5
Spellcasting   | |  1.2

Action                   |  1- 3 |  4- 6 |  7- 9 | 10-12 || total
-------------------------+-------+-------+-------+-------++-------
Melee: Unarmed           |    92 |   136 |   340 |    41 ||   609
       Punch             |     1 |       |     6 |       ||     7
       Kick              |     1 |       |     8 |     2 ||    11
       Headbutt          |       |     3 |     1 |       ||     4
Throw: Throwing net      |       |       |       |     1 ||     1
 Cast: Beastly Appendage |     1 |     1 |    10 |       ||    12
       Spider Form       |       |     3 |    16 |     4 ||    23
Evoke: Wand              |       |       |       |     3 ||     3
  Use: Potion            |     3 |     1 |     8 |     3 ||    15
       Scroll            |       |       |    12 |     1 ||    13
 Stab: Invisible         |     1 |       |     6 |       ||     7
  Eat: Chunk             |    12 |     3 |    44 |     3 ||    62
       Pizza             |       |       |     1 |       ||     1
       Beef jerky        |       |       |     1 |       ||     1
Armor: Robe              |    40 |    29 |    57 |       ||   126
       Skin              |       |     1 |     1 |       ||     2
Dodge: Dodged            |    51 |    91 |   215 |    38 ||   395
